 Dungeon Crawl Stone Soup version 0.22.1-2-g9c5b331 (webtiles) character file.

1454 spiff the Skirmisher (level 8, 63/63 HPs)
             Began as a Demonspawn Warper on Nov 22, 2018.
             Was a Follower of Kikubaaqudgha.
             Quit the game on level 7 of the Dungeon on Nov 27, 2018.
             The game lasted 00:20:46 (8690 turns).

spiff the Skirmisher (Demonspawn Warper)            Turns: 8690, Time: 00:20:47

Health: 63/63      AC:  8    Str: 13    XL:     8   Next: 47%
Magic:  15/15      EV: 12    Int: 17    God:    Kikubaaqudgha [*.....]
Gold:   306        SH:  0    Dex: 13    Spells: 6/17 levels left

rFire    + . .     SeeInvis .   z - +4 trident
rCold    . . .     Gourm    .   (no shield)
rNeg     . . .     Faith    .   b - +0 leather armour
rPois    .         Spirit   .   (helmet restricted)
rElec    .         Reflect  .   l - +0 cloak
rCorr    .         Harm     .   (no gloves)
MR       .....                  y - +0 pair of boots
Stlth    +.........             (no amulet)
HPRegen  0.20/turn              B - +2 ring of intelligence
MPRegen  0.14/turn              w - ring of protection from fire

@: no status effects
A: antennae 1, icy blue scales 2, spiny 1
a: Receive Corpses, Renounce Religion


You were on level 7 of the Dungeon.
You worshipped Kikubaaqudgha.
Kikubaaqudgha was aware of your devotion.
You were not hungry.

You visited 2 branches of the dungeon, and saw 8 of its levels.

You collected 306 gold pieces.

Inventory:

Hand Weapons
 z - a +4 trident (weapon)
Missiles
 e - 5 tomahawks of dispersal (quivered)
Armour
 b - a +0 leather armour (worn)
 h - a +0 helmet
 l - a +0 cloak (worn)
 s - a +0 shield
 x - a +2 shield
 y - a +0 pair of boots (worn)
Jewellery
 t - an uncursed amulet of harm {unknown}
 u - an uncursed ring of protection from cold
 w - a ring of protection from fire (right hand)
 B - a +2 ring of intelligence (left hand)
 D - an uncursed ring of stealth
Wands
 n - a wand of flame (5)
 v - a wand of acid (8)
Scrolls
 c - 2 scrolls of remove curse
 d - a scroll of blinking
 i - a scroll of amnesia {unknown}
 j - a scroll of enchant armour {unknown}
 k - 2 scrolls of teleportation
 m - 2 scrolls of magic mapping
 o - a scroll of noise {unknown}
 p - a scroll of immolation {unknown}
 A - a scroll of fear {unknown}
 C - a scroll of enchant weapon {unknown}
Potions
 a - a potion of lignification
 g - 2 potions of agility
 q - 2 potions of haste
 r - 2 potions of cancellation
 E - a potion of magic
 F - 2 potions of curing
Comestibles
 f - 9 rations
 G - a chunk of flesh


   Skills:
 + Level 5.5 Fighting
 - Level 5.0 Polearms
 - Level 0.8 Throwing
 - Level 0.8 Armour
 + Level 1.7 Dodging
 - Level 5.0 Spellcasting
 - Level 3.1 Necromancy
 + Level 4.8 Translocations


You had 6 spell levels left.
You knew the following spells:

 Your Spells              Type           Power        Failure   Level  Hunger
a - Blink                 Tloc           N/A          3%          2    #......
b - Passage of Golubria   Tloc           N/A          24%         4    ####...
c - Corpse Rot            Necr           N/A          8%          2    #......
d - Lesser Beckoning      Tloc           ###.......   8%          3    ###....

Your spell library contained the following spells:

 Spells                   Type           Power        Failure   Level  Hunger
 Pain                     Necr           ##..         4%          1    None
 Sublimation of Blood     Necr           ##........   8%          2    #......
 Gell's Gravitas          Tloc           ###.......   8%          3    ###....
 Teleport Other           Tloc           ###.....     8%          3    ###....
 Shroud of Golubria       Chrm/Tloc      ##........   10%         2    #......
 Regeneration             Chrm/Necr      #.........   28%         3    ###....


Dungeon Overview and Level Annotations

Branches:
Dungeon (7/15)             Temple (1/1) D:4

Altars:
Ashenzari
Cheibriados
Dithmenos
Elyvilon
Fedhas
Gozag
Hepliaklqana
Kikubaaqudgha
Makhleb
Okawaru
Ru
Sif Muna
Trog
Uskayaw
Vehumet
Xom
Yredelemnul
Zin
The Shining One

Shops:
D:4 [   D:5 [


Innate Abilities, Weirdness & Mutations

You have a pair of small antennae on your head.
You are mostly covered in icy blue scales. (AC +3)
You are partially covered in sharp spines.


Message History

There is a stone staircase leading down here.
You climb downwards.
A quokka comes into view.
Found 4 gold pieces.
There is a stone staircase leading up here.
Attack whom?
Press: ? - help, Dir - move target cursor, f - quokka
Aim: a quokka (resting)
You reach to attack!
The helpless quokka fails to defend itself.
You puncture the quokka!
You kill the quokka!
Kikubaaqudgha accepts your kill.
Save game and exit?
Welcome back, spiff the Demonspawn Warper.
Kikubaaqudgha says: Spread unending torment and darkness!
Press ? for a list of commands and other information.
Quiver which item? (- for none, * to show all) (? for menu, Esc to quit)
Okay, then.
Are you sure you want to abandon this character and quit the game? (Confirm

#####.#.#...
###..........
#.......#...##.
#.............
#.......$...##
#.......†....
#.........#
.......@..#
..........#
...####+### .


There were no monsters in sight!

Vanquished Creatures
  Menkaure (D:6)
  A phantom (D:6)
  2 ogres
  A centaur (D:5)
  A bullfrog (D:6)
  A scorpion (D:4)
  2 howler monkeys
  3 crimson imps
  A bullfrog zombie (D:5)
  A quasit (D:5)
  A jelly (D:6)
  A hound (D:4)
  2 orc priests
  Jessica (D:3)
  Natasha (thrice) (D:3)
  6 worker ants
  A hound skeleton (D:5)
  8 gnolls
  4 adders
  2 shadow imps (D:5)
  3 oozes
  An adder zombie (D:1)
  3 worms
  3 dart slugs
  6 leopard geckos
  14 orcs
  4 bats
  6 giant cockroaches
  9 goblins
  7 hobgoblins
  9 kobolds
  3 quokkas
  5 ball pythons
  3 frilled lizards
  A jackal skeleton (D:4)
  A leopard gecko skeleton (D:4)
  2 quokka zombies
  4 rats
127 creatures vanquished.

Vanquished Creatures (others)
  A bat (D:2)
  A frilled lizard (D:2)
2 creatures vanquished.

Grand Total: 129 creatures vanquished

Notes
Turn   | Place    | Note
-------+----------+-------------------------------------------
     0 | D:1      | spiff the Demonspawn Warper began the quest for the Orb.
     0 | D:1      | Reached XP level 1. HP: 16/16 MP: 3/3
    68 | D:1      | Gained mutation: You are partially covered in icy blue
                  | scales. (AC +2) [demonic ancestry]
    68 | D:1      | Reached XP level 2. HP: 15/22 MP: 5/5
   587 | D:1      | Gained mutation: You are mostly covered in icy blue scales.
                  | (AC +3) [demonic ancestry]
   587 | D:1      | Reached XP level 3. HP: 23/28 MP: 6/6
   979 | D:2      | Learned a level 2 spell: Blink
  1134 | D:2      | Found a shattered altar of Ashenzari.
  1763 | D:2      | Reached XP level 4. HP: 34/34 MP: 8/8
  2328 | D:3      | Found a snail-covered altar of Cheibriados.
  2635 | D:3      | Found a bloodstained altar of Trog.
  2641 | D:3      | Found a hazy altar of Hepliaklqana.
  2647 | D:3      | Found an opulent altar of Gozag.
  2791 | D:3      | Found a glowing golden altar of the Shining One.
  2801 | D:3      | Reached XP level 5. HP: 38/41 MP: 9/9
  2836 | D:3      | Noticed Jessica
  2874 | D:3      | Killed Jessica
  3305 | D:3      | Learned a level 4 spell: Passage of Golubria
  3486 | D:4      | Noticed Natasha
  3493 | D:3      | Killed Natasha
  3740 | D:3      | Noticed Natasha
  3756 | D:3      | Killed Natasha
  4084 | D:3      | Noticed Natasha
  4097 | D:3      | Killed Natasha
  4097 | D:3      | Reached XP level 6. HP: 37/48 MP: 11/11
  4422 | D:4      | Found a staircase to the Ecumenical Temple.
  4436 | Temple   | Entered the Ecumenical Temple
  4559 | D:4      | Found Fifuont's Antique Armour Emporium.
  5786 | D:4      | Found an ancient bone altar of Kikubaaqudgha.
  5794 | D:4      | Became a worshipper of Kikubaaqudgha
  5855 | D:5      | Entered Level 5 of the Dungeon
  5892 | D:5      | Found Nostreqo's Antique Armour Emporium.
  6110 | D:5      | Gained mutation: You are partially covered in sharp spines.
                  | [demonic ancestry]
  6110 | D:5      | Reached XP level 7. HP: 49/55 MP: 13/13
  6293 | D:4      | Reached * piety under Kikubaaqudgha
  6293 | D:4      | Identified Kikubaaqudgha's Reference Book on Unholy Secrets
                  | (Kikubaaqudgha gifted it to you on level 4 of the Dungeon)
  6293 | D:4      | Received a gift from Kikubaaqudgha
  6302 | D:4      | Learned a level 2 spell: Corpse Rot
  6823 | D:5      | Learned a level 3 spell: Lesser Beckoning
  6871 | D:5      | Found a shimmering altar of Xom.
  7077 | D:5      | Reached skill level 1 in Necromancy
  7440 | D:5      | Found an iron altar of Okawaru.
  7624 | D:6      | Reached skill level 5 in Fighting
  7672 | D:6      | Gained mutation: You have a pair of small antennae on your
                  | head. [demonic ancestry]
  7672 | D:6      | Reached XP level 8. HP: 62/62 MP: 13/15
  7861 | D:6      | Found a white marble altar of Elyvilon.
  7951 | D:6      | Noticed Menkaure
  8286 | D:6      | Killed Menkaure
  8286 | D:6      | Reached skill level 5 in Polearms
  8286 | D:6      | Reached skill level 5 in Spellcasting
  8690 | D:7      | Quit the game

Skill      XL: |  1  2  3  4  5  6  7  8 |
---------------+-------------------------+-----
Polearms       | 2 3 4 5 |  5.0
Fighting       | 3 4 5 |  5.5
Spellcasting   | 3 4 5 |  5.0
Translocations | 3 4 |  4.8
Necromancy     | 2 3 |  3.1
Throwing       | |  0.8
Armour         | |  0.8
Dodging        | |  1.7

Action                   |  1- 3 |  4- 6 |  7- 9 || total
-------------------------+-------+-------+-------++-------
Melee: Spear             |   185 |   257 |       ||   442
       Trident           |       |    54 |   118 ||   172
 Cast: Corpse Rot        |       |       |     3 ||     3
       Lesser Beckoning  |       |       |     1 ||     1
Evoke: Wand              |       |       |     7 ||     7
  Use: Scroll            |       |     4 |     1 ||     5
       Potion            |       |     5 |     1 ||     6
 Stab: Sleeping          |       |       |     1 ||     1
  Eat: Chunk             |     3 |    11 |     5 ||    19
       Ration            |       |     1 |     1 ||     2
Armor: Leather armour    |    52 |    84 |    30 ||   166
       Skin              |       |       |     4 ||     4
Dodge: Dodged            |    81 |   149 |    63 ||   293
